 Dungeon Crawl Stone Soup version 0.23.2-33-g5129a83184 (webtiles) character file.

Game seed: 9009993651949344118

74 Kalimero the Chopper (level 4, -10/41 HPs)
             Began as a Minotaur Berserker on July 26, 2019.
             Was a Believer of Trog.
             Killed by divine providence
             ... invoked by an orc priest
              (15 damage)
             ... on level 2 of the Dungeon.
             The game lasted 00:06:11 (1276 turns).

Kalimero the Chopper (Minotaur Berserker)           Turns: 1276, Time: 00:06:11

Health: -10/41     AC:  5    Str: 23    XL:     4   Next: 9%
Magic:  3/3        EV: 12    Int:  4    God:    Trog [**....]
Gold:   57         SH:  0    Dex:  9    Spells: 3/3 levels left

rFire    . . .     SeeInvis .   g - +2 dagger (venom)
rCold    . . .     Gourm    .   (no shield)
rNeg     . . .     Faith    .   l - +0 ring mail
rPois    .         Spirit   .   (helmet restricted)
rElec    .         Reflect  .   (no cloak)
rCorr    .         Harm     .   (no gloves)
MR       .....                  (no boots)
Stlth    ..........             (no amulet)
HPRegen  0.13/turn              (no ring)
MPRegen  0.08/turn              (no ring)

@: no status effects
A: retaliatory headbutt, horns 2
a: Berserk, Trog's Hand, Renounce Religion


You were on level 2 of the Dungeon.
You worshipped Trog.
Trog was pleased with you.
You were not hungry.

You visited 1 branch of the dungeon, and saw 2 of its levels.

You collected 57 gold pieces.

Inventory:

Hand Weapons
 a - a +0 hand axe
 d - a +0 short sword
 e - a +0 dagger
 f - a +0 dagger
 g - a +2 dagger of venom (weapon)
 i - a +0 club
 m - a +0 dagger
 o - a +0 spear
Armour
 b - a +0 animal skin
 l - a +0 ring mail (worn)
Scrolls
 h - 3 scrolls of immolation {unknown}
 n - a scroll of identify {unknown}
Potions
 j - a potion of brilliance {unknown}
Comestibles
 c - 2 rations
 k - 5 chunks of flesh


   Skills:
 + Level 4.3 Fighting
 + Level 4.3 Axes
 + Level 3.4 Armour
 + Level 3.0 Dodging


You had 3 spell levels left.
You didn't know any spells.
Your spell library was empty.

Dungeon Overview and Level Annotations

Branches:
Dungeon (2/15)

Altars:
Elyvilon
Nemelex Xobeh
Okawaru


Innate Abilities, Weirdness & Mutations

You reflexively headbutt those who attack you in melee.
You have a pair of horns on your head.


Message History

You are too injured to fight recklessly!
You are too injured to fight recklessly!
You are too injured to fight recklessly!
You closely miss the orc.
The orc is lightly wounded.
The orc priest hits you from afar with a +0 trident.
The orc barely misses you. The orc completely misses you. Something hits you.
You hit the orc but do no damage.
The orc is poisoned.
You headbutt the orc.
The orc is almost dead.
You kill the orc!
Trog accepts your kill.
The orc priest hits you from afar with a +0 trident.
* * * LOW HITPOINT WARNING * * *
The orc hits you with a +0 war axe.
* * * LOW HITPOINT WARNING * * *
Something hits you.
* * * LOW HITPOINT WARNING * * *
The orc priest calls down the wrath of Beogh upon you.
Beogh smites you!
You die...

... .### .##. .. .. ...
...... .## .#.#..#
...... ##..##.#.#..##
#..... ##........#...
......
(...#...###..####...##+#
...###....#.............
..............#.......#
.#.).).#..#...#.@.....#
##.._..##.#...#{o.....#
.#...).#......#.o.....#
..............#.......#
...###...###..#.......#
....#...####..#.......#
..............##.....##
#...#.#.####..###$⌠$##
#...#.#.# #...


You could see an orc priest and an orc.

Vanquished Creatures
  2 adders (D:2)
  2 oozes
  A worm (D:2)
  A dart slug (D:1)
  A leopard gecko (D:2)
  3 orcs (D:2)
  2 ball pythons (D:1)
  3 giant cockroaches
  5 goblins
  4 hobgoblins
  4 kobolds (D:1)
  A quokka (D:2)
  3 bats (D:1)
  2 frilled lizards
  3 rats
37 creatures vanquished.

Notes
Turn   | Place    | Note
-------+----------+-------------------------------------------
     0 | D:1      | Kalimero the Minotaur Berserker began the quest for the
                  | Orb.
     0 | D:1      | Reached XP level 1. HP: 19/19 MP: 0/0
    44 | D:1      | Reached XP level 2. HP: 26/27 MP: 1/1
   692 | D:1      | Reached XP level 3. HP: 33/33 MP: 2/2
  1092 | D:2      | Found a sparkling altar of Nemelex Xobeh.
  1105 | D:2      | Found a white marble altar of Elyvilon.
  1216 | D:2      | Found an iron altar of Okawaru.
  1272 | D:2      | Reached ** piety under Trog
  1273 | D:2      | Reached XP level 4. HP: 24/41 MP: 3/3
  1276 | D:2      | Killed from afar by an orc priest

Skill      XL: |  1  2  3 |
---------------+----------+-----
Axes           | 4 |  4.3
Fighting       | 4 |  4.3
Armour         | 3 |  3.4
Dodging        | 3 |  3.0

Action                   |  1- 3 |  4- 6 || total
-------------------------+-------+-------++-------
Melee: Hand axe          |    29 |       ||    29
       Headbutt          |    16 |     1 ||    17
       Dagger            |    41 |     2 ||    43
  Eat: Chunk             |     1 |       ||     1
Armor: Animal skin       |    10 |       ||    10
       Ring mail         |     3 |       ||     3
Dodge: Dodged            |    35 |     3 ||    38
